 Dungeon Crawl Stone Soup version 0.27.1 (webtiles) character file.

Game seed: 16655916777861846923

351 MacCMillion the Chiller (level 6, -8/47 HPs)
             Began as a Merfolk Ice Elementalist on Aug 21, 2021.
             Killed by nerve-wracking pain
             ... invoked by Grinder
              (12 damage)
             ... on level 3 of the Dungeon.
             The game lasted 00:23:11 (4557 turns).

MacCMillion the Chiller (Merfolk Ice Elementalist)  Turns: 4557, Time: 00:23:11

Health: -8/47      AC:  2    Str:  8    XL:     6   Next: 61%
Magic:  5/9        EV: 12    Int: 17    God:
Gold:   164        SH:  0    Dex: 14    Spells: 2/9 levels left

rFire    . . .     SeeInvis .   c - +0 dagger
rCold    . . .     Faith    .   (no shield)
rNeg     . . .     Spirit   .   a - +0 robe
rPois    .         Reflect  .   (no helmet)
rElec    .         Harm     .   (no cloak)
rCorr    .         Rampage  .   (no gloves)
Will     .....                  (no boots)
Stlth    ++........             (no amulet)
HPRegen  0.15/turn              (no ring)
MPRegen  0.11/turn              (no ring)

@: no status effects
A: (nimble swimmer 2), mertail
a: no special abilities


You were on level 3 of the Dungeon.
You visited 1 branch of the dungeon, and saw 4 of its levels.

You collected 164 gold pieces.

Inventory:

Hand Weapons
 c - a +0 dagger (weapon)
Armour
 a - a +0 robe (worn)
Jewellery
 l - a ring of protection from cold
 m - a +6 ring of strength
Scrolls
 d - a scroll of amnesia {unknown}
 e - a scroll of summoning {unknown}
 g - a scroll of teleportation {unknown}
 h - 2 scrolls of identify {unknown}
 i - 2 scrolls of noise {unknown}
Potions
 b - 2 potions of magic {unknown}
 f - a potion of might {unknown}
 j - 4 potions of mutation {unknown}
 k - 4 potions of curing {unknown}


   Skills:
 - Level 3.0 Fighting
 - Level 2.6 Dodging
 - Level 2.1 Stealth
 - Level 2.0 Spellcasting
 * Level 2.2 Hexes
 + Level 1.3 Summonings
 - Level 7.0 Ice Magic


You had 2 spell levels left.
You knew the following spells:

 Your Spells              Type           Power      Damage    Failure   Level
a - Freeze                Ice            100%       1d11      1%          1
b - Frozen Ramparts       Ice            50%        1d7       3%          3
c - Summon Guardian Gole  Hex/Summ       7%         N/A       28%         3

Your spell library contained the following spells:

 Spells                   Type           Power      Damage    Failure   Level
 Beastly Appendage        Tmut           2%         N/A       19%         1
 Wereblood                Tmut           1%         N/A       28%         2
 Ozocubu's Armour         Ice            25%        N/A       3%          3
 Tukima's Dance           Hex            9%         N/A       24%         3
 Hailstorm                Conj/Ice       13%        3d5       41%         4
 Spider Form              Tmut/Pois      0%         N/A       50%         3
 Passage of Golubria      Tloc           N/A        N/A       88%         4
 Yara's Violent Unravell  Hex/Tmut       2%         3d3       98%         5
 Orb of Destruction       Conj           0%         N/A       100%        7
 Ozocubu's Refrigeration  Ice            12%        4d7       100%        7
 Spellforged Servitor     Conj/Summ      2%         N/A       100%        7


Dungeon Overview and Level Annotations

Branches:
Dungeon (4/15)
 Temple: D:4-7

Altars:
Nemelex Xobeh

Shops:
D:4 [*=*

Annotations:
D:3 Grinder


Innate Abilities, Weirdness & Mutations

((You are quick and stealthy near water. (Stealth+, EV+, Speed+++)))
Your lower body shifts to a powerful aquatic tail in water.


Message History

You barely resist. You hit Grinder but do no damage.
Grinder is lightly wounded.
Grinder completely resists.
The wall freezes Grinder but does no damage.
Grinder closely misses you.
You hit Grinder but do no damage.
Grinder is lightly wounded.
Grinder resists.
The wall freezes Grinder.
Grinder hits you but does no damage.
You hit Grinder but do no damage.
Grinder is lightly wounded.
Grinder completely resists.
The wall freezes Grinder but does no damage.
Grinder hits you.
You writhe in agony.
You closely miss Grinder.
Grinder is lightly wounded.
The frozen ramparts melt away.
Grinder hits you.
You writhe in agony.
You hit Grinder but do no damage.
Grinder is lightly wounded.
Grinder hits you.
You writhe in agony.
You hit Grinder but do no damage.
Grinder is lightly wounded.
Grinder hits you!
* * * LOW HITPOINT WARNING * * *
You writhe in agony.
* * * LOW HITPOINT WARNING * * *
You barely miss Grinder.
Grinder is lightly wounded.
Grinder says, "Just stop there for a second..."
Grinder gestures at you. You resist with significant effort.
You hit Grinder.
Grinder is lightly wounded.
Grinder gestures at you.
You barely resist. You hit Grinder but do no damage.
Grinder is lightly wounded.
Grinder gestures at you. Pain shoots through your body!
You die...

...#######.#.#...#.#..#..........
...# #.+.......'.##..........
...# ######'#######..........
...###########.......####(####...
...'.........'......)')....<.....
...###########.......####..######
...# #.......# ##.## ####
#.......#####..####
#..@5.............#
#######...........# #†.5........#
#..........)# .....5.......#
#..............# #..............#
#....5...#####'## #........# #.#


You could see Grinder.

Vanquished Creatures
  A scorpion (D:4)
  A hound (D:3)
  4 orc priests
  An iguana (D:4)
  2 adders (D:2)
  An ufetubus (D:2)
  3 worms
  5 dart slugs
  8 orcs
  5 ball pythons
  6 endoplasms
  4 giant cockroaches
  6 goblins
  3 hobgoblins
  9 kobolds
  3 quokkas
  5 bats
  2 frilled lizards
  3 rats
72 creatures vanquished.

Notes
Turn   | Place    | Note
-------+----------+-------------------------------------------
     0 | D:1      | MacCMillion the Merfolk Ice Elementalist began the quest
                  | for the Orb.
     0 | D:1      | Reached XP level 1. HP: 13/13 MP: 3/3
   123 | D:1      | Reached XP level 2. HP: 7/19 MP: 1/5
   417 | D:1      | Reached skill level 5 in Ice Magic
   754 | D:1      | Reached XP level 3. HP: 24/24 MP: 4/6
   758 | D:1      | Learned a level 3 spell: Frozen Ramparts
   851 | D:1      | Found a faded altar of an unknown god.
  1612 | D:2      | Reached skill level 6 in Ice Magic
  1612 | D:2      | Reached XP level 4. HP: 21/30 MP: 3/7
  2608 | D:3      | Noticed Grinder
  2887 | D:3      | Reached XP level 5. HP: 35/35 MP: 5/8
  2919 | D:3      | Reached skill level 7 in Ice Magic
  2951 | D:3      | Found a sparkling altar of Nemelex Xobeh.
  3264 | D:3      | Reached skill level 1 in Fighting
  3705 | D:4      | Found Roezot's Antique Armour Shoppe.
  3706 | D:4      | Found Hocash's Assorted Antiques.
  3711 | D:4      | Found Juroad Nank's Assorted Antiques.
  3711 | D:4      | Found Bapluica's Jewellery Shoppe.
  4009 | D:4      | Reached skill level 1 in Hexes
  4009 | D:4      | Reached XP level 6. HP: 47/47 MP: 4/9
  4098 | D:4      | Learned a level 3 spell: Summon Guardian Golem
  4154 | D:4      | Reached skill level 1 in Summonings
  4281 | D:4      | Identified the +8 whip of Fedhas's Approval {holy, rF+
                  | Str+4 Dex+3}
  4557 | D:3      | Killed from afar by Grinder

Illustrated notes

Levels and vault maps discovered:
D:1:      mainiacjoe_arrival_reflecting_pool, layout_rooms,
          shapermc_ecumenical_altar_ellora, minmay_cut_off
D:2:      layout_rooms
D:3:      layout_basic, mainiacjoe_overflow_six_doors_small, nrook_mini_vaults,
          grunt_ministairs_10, uniq_grinder
D:4:      mumra_celtic_spiral_tile, layout_rooms, st_stairs_2,
          nicolae_wooded_promenade, kennysheep_donut

Skill      XL: |  1  2  3  4  5  6 |
---------------+-------------------+-----
Ice Magic      | 5 6 7 |  7.0
Fighting       | 3 |  3.0
Hexes          | 1 2 |  2.2
Summonings     | 1 |  1.3
Dodging        | |  2.6
Stealth        | |  2.1
Spellcasting   | |  2.0

Action                   |  1- 3 |  4- 6 || total
-------------------------+-------+-------++-------
Melee: Dagger            |    15 |    25 ||    40
 Cast: Freeze            |    42 |    51 ||    93
       Frozen Ramparts   |     1 |    12 ||    13
 Stab: Sleeping          |     6 |     3 ||     9
Armor: Robe              |     9 |     8 ||    17
Dodge: Dodged            |    27 |    34 ||    61
